 Dungeon Crawl Stone Soup version 0.22.1-2-g9c5b331 (webtiles) character file.

870 Lilu the Magician (level 7, -4/40 HPs)
             Began as a Deep Elf Wizard on Dec 17, 2018.
             Was a Follower of Sif Muna.
             Slain by a water moccasin (7 damage)
             ... on level 6 of the Dungeon.
             The game lasted 00:21:30 (7179 turns).

Lilu the Magician (Deep Elf Wizard)                 Turns: 7179, Time: 00:21:30

Health: -4/40      AC:  6    Str:  4    XL:     7   Next: 73%
Magic:  11/18      EV: 13    Int: 25    God:    Sif Muna [*.....]
Gold:   341        SH:  0    Dex: 13    Spells: 7/18 levels left

rFire    . . .     SeeInvis .   v - +1 shortbow
rCold    + . .     Gourm    .   (shield currently unavailable)
rNeg     . . .     Faith    .   u - +0 leather armour
rPois    .         Spirit   .   z - +0 helmet
rElec    .         Reflect  .   i - +0 cloak
rCorr    +         Harm     .   t - +0 pair of gloves
MR       .....                  (no boots)
Stlth    ++........             (no amulet)
HPRegen  0.13/turn              m - ring of resist corrosion
MPRegen  0.16/turn              k - ring of protection from cold

@: divine energy
A: no striking features
a: Stop Divine Energy, Renounce Religion


You were on level 6 of the Dungeon.
You worshipped Sif Muna.
Sif Muna was aware of your devotion.
You were not hungry.

You visited 1 branch of the dungeon, and saw 6 of its levels.

You collected 341 gold pieces.

Inventory:

Hand Weapons
 r - a +0 hunting sling
 v - a +1 shortbow (weapon)
 x - a +0 rapier
Missiles
 l - 15 poisoned needles
 q - 168 stones
 w - 47 arrows (quivered)
 A - a throwing net
Armour
 i - a +0 cloak (worn)
 t - a +0 pair of gloves (worn)
 u - a +0 leather armour (worn)
 z - a +0 helmet (worn)
Jewellery
 k - a ring of protection from cold (right hand)
 m - a ring of resist corrosion (left hand)
Wands
 b - a wand of acid (9)
Scrolls
 a - a scroll of enchant armour {unknown}
 f - 7 scrolls of identify
 h - a scroll of remove curse
 j - a scroll of enchant weapon
 p - a scroll of teleportation
 y - 2 scrolls of immolation
 B - a scroll of fog {unknown}
Potions
 c - 2 potions of mutation {unknown}
 e - 2 potions of haste {unknown}
 g - 2 potions of curing
 n - 2 potions of lignification {unknown}
 o - 2 potions of heal wounds {unknown}
 s - a potion of might {unknown}
Comestibles
 d - 17 rations


   Skills:
 + Level 2.7 Fighting
 + Level 5.0 Dodging
 - Level 2.4 Stealth
 - Level 6.1 Spellcasting
 + Level 4.6 Conjurations
 + Level 2.0 Summonings
 + Level 2.0 Translocations
 + Level 2.0 Fire Magic
 + Level 2.2 Air Magic
 + Level 2.0 Poison Magic


You had 7 spell levels left.
You knew the following spells:

 Your Spells              Type           Power        Failure   Level  Hunger
a - Magic Dart            Conj           ####         1%          1    None
b - Blink                 Tloc           N/A          9%          2    None
c - Call Imp              Summ           ###.....     9%          2    None
d - Conjure Flame         Conj/Fire      ###.....     10%         3    None
e - Mephitic Cloud        Conj/Pois/Air  ###.....     12%         3    None

Your spell library contained the following spells:

 Spells                   Type           Power        Failure   Level  Hunger
 Slow                     Hex            #.......     21%         2    None


Dungeon Overview and Level Annotations

Branches:
Dungeon (6/15)             Temple (0/1) D:4

Altars:
Ashenzari
Dithmenos
Elyvilon
Hepliaklqana
Kikubaaqudgha
Sif Muna
Uskayaw
Zin

Shops:
D:5 *


Message History

The centaur is severely wounded.
The water moccasin closely misses you. The centaur completely misses you.
The water moccasin closely misses you.
Casting: Magic Dart (safe; 1% risk of failure)
Confirm with . or Enter, or press ? or * to list all spells.
Aiming: Magic Dart (safe; 1% risk of failure)
Press: ? - help, Shift-Dir - straight line, f/p - centaur
Aim: a centaur, wielding a dire flail (severely wounded)
The magic dart hits the centaur.
The centaur is severely wounded.
The centaur barely misses you. The water moccasin barely misses you.
The centaur hits you with a dire flail.
* * * LOW HITPOINT WARNING * * *
Wield which item (- for none, * to show all)? (? for menu, Esc to quit)
Okay, then.
You feel better. The water moccasin barely misses you.
The centaur hits you with a dire flail!
* * * LOW HITPOINT WARNING * * *
The water moccasin bites you!
You die...

.............#
.#...........### #..
............... ..#
.##..........### ...
###..........### ##.#
...............##...
###....P..P.....%.####..
#####.###.P...#.........
......# #......c@S......
#####.#....P...#########
####..#....#.P..#
...#..#._..##...#
.....(#....#P.P...
...##.#.......P..##
...##.#.#.P...P.##
...#..###.....###
.......P...


You could see a water moccasin and a centaur.

Vanquished Creatures
  Edmund (D:5)
  A sky beast (D:5)
  An ogre (D:5)
  A bullfrog (D:6)
  3 hounds
  A bullfrog skeleton (D:5)
  2 iguanas
  2 worker ants
  Robin (D:3)
  4 gnolls (D:3)
  8 adders
  An adder skeleton (D:4)
  3 worms
  2 dart slugs
  7 leopard geckos
  12 orcs
  6 giant cockroaches
  17 goblins
  7 hobgoblins
  11 jackals
  11 kobolds
  5 quokkas
  5 bats
  4 frilled lizards
  2 rats
118 creatures vanquished.

Vanquished Creatures (collateral kills)
  A centaur (D:4)
  2 worker ants
3 creatures vanquished.

Grand Total: 121 creatures vanquished

Notes
Turn   | Place    | Note
-------+----------+-------------------------------------------
     0 | D:1      | Lilu the Deep Elf Wizard began the quest for the Orb.
     0 | D:1      | Reached XP level 1. HP: 10/10 MP: 7/7
   168 | D:1      | Reached XP level 2. HP: 15/15 MP: 7/9
   177 | D:1      | Learned a level 2 spell: Blink
   180 | D:1      | Learned a level 2 spell: Call Imp
  1229 | D:2      | Reached XP level 3. HP: 20/20 MP: 7/11
  1242 | D:2      | Found a shadowy altar of Dithmenos.
  1244 | D:2      | Found a hide-covered altar of Uskayaw.
  1534 | D:2      | Reached skill level 1 in Fighting
  1534 | D:2      | Reached XP level 4. HP: 18/25 MP: 8/12
  1549 | D:2      | Learned a level 3 spell: Conjure Flame
  1553 | D:2      | Learned a level 3 spell: Mephitic Cloud
  1944 | D:2      | Found a deep blue altar of Sif Muna.
  1947 | D:2      | Became a worshipper of Sif Muna the Loreminder
  2103 | D:2      | Found a white marble altar of Elyvilon.
  2105 | D:2      | Found a hazy altar of Hepliaklqana.
  2473 | D:3      | Reached skill level 5 in Spellcasting
  2627 | D:3      | Reached XP level 5. HP: 27/29 MP: 2/14
  2870 | D:3      | Noticed Robin
  3175 | D:3      | Killed Robin
  3197 | D:3      | Reached skill level 1 in Poison Magic
  4256 | D:5      | Entered Level 5 of the Dungeon
  4256 | D:5      | Noticed a centaur
  4332 | D:4      | Found a staircase to the Ecumenical Temple.
  4377 | D:4      | Found a shadowy altar of Dithmenos.
  4435 | D:4      | Reached skill level 1 in Fire Magic
  4435 | D:4      | Reached skill level 1 in Air Magic
  4484 | D:4      | Found a shattered altar of Ashenzari.
  4586 | D:4      | Reached XP level 6. HP: 34/34 MP: 10/15
  5759 | D:5      | Noticed a sky beast
  5786 | D:5      | Noticed Edmund
  5806 | D:4      | Reached * piety under Sif Muna
  6194 | D:5      | Killed Edmund
  6194 | D:5      | Reached XP level 7. HP: 37/40 MP: 8/17
  6470 | D:5      | Found Gaxih's General Store.
  6567 | D:5      | Reached skill level 6 in Spellcasting
  6759 | D:5      | Found a glowing silver altar of Zin.
  7046 | D:6      | Reached skill level 5 in Dodging
  7162 | D:6      | Found an ancient bone altar of Kikubaaqudgha.
  7179 | D:6      | Slain by a water moccasin

Skill      XL: |  1  2  3  4  5  6  7 |
---------------+----------------------+-----
Conjurations   | 2 3 4 |  4.6
Dodging        | 3 4 5 |  5.0
Fighting       | 1 2 |  2.7
Spellcasting   | 5 6 |  6.1
Summonings     | 2 |  2.0
Poison Magic   | 1 2 |  2.0
Translocations | 2 |  2.0
Fire Magic     | 1 2 |  2.0
Air Magic      | 1 2 |  2.2
Stealth        | |  2.4

Action                   |  1- 3 |  4- 6 |  7- 9 || total
-------------------------+-------+-------+-------++-------
Melee: Rapier            |       |     1 |       ||     1
 Fire: Hunting sling     |       |     5 |       ||     5
       Shortbow          |       |    12 |    10 ||    22
 Cast: Magic Dart        |    79 |   205 |    65 ||   349
       Call Imp          |     1 |    17 |       ||    18
       Blink             |     1 |       |       ||     1
       Mephitic Cloud    |       |     1 |       ||     1
       Conjure Flame     |       |       |     1 ||     1
Invok: Divine Energy     |       |       |     1 ||     1
  Use: Scroll            |       |     7 |       ||     7
       Potion            |       |       |     1 ||     1
  Eat: Chunk             |     2 |    13 |     4 ||    19
Armor: Robe              |     2 |       |       ||     2
       Leather armour    |       |    20 |     8 ||    28
Dodge: Dodged            |    16 |    73 |    34 ||   123
